 Dungeon Crawl Stone Soup version 0.26.1-2-gb8aa6d0cf2 (webtiles) character file.

Game seed: 17600469627574106600

25 Descartes the Magician (level 2, -2/16 HPs)
             Began as a Deep Elf Wanderer on Mar 25, 2021.
             Slain by an adder (3 damage)
             ... on level 1 of the Dungeon.
             The game lasted 00:02:50 (1732 turns).

Descartes the Magician (Deep Elf Wanderer)          Turns: 1732, Time: 00:02:50

Health: -2/16      AC:  2    Str:  8    XL:     2   Next: 82%
Magic:  0/8        EV: 12    Int: 15    God:
Gold:   29         SH:  0    Dex: 16    Spells: 5/7 levels left

rFire    . . .     SeeInvis .   a - +0 dagger
rCold    . . .     Faith    .   (no shield)
rNeg     . . .     Spirit   .   d - +0 robe
rPois    .         Reflect  .   (no helmet)
rElec    .         Harm     .   (no cloak)
rCorr    .         Rampage  .   (no gloves)
Will     .....                  (no boots)
Stlth    ++........             (no amulet)
HPRegen  0.05/turn              (no ring)
MPRegen  0.11/turn              (no ring)

@: lethally poisoned (-2 -> -9), about to teleport
A: no striking features
a: no special abilities


You were on level 1 of the Dungeon.
You visited 1 branch of the dungeon, and saw 2 of its levels.

You collected 29 gold pieces.

Inventory:

Hand Weapons
 a - a +0 dagger (weapon)
 b - a +0 hunting sling
Missiles
 h - 17 bolts
 k - 10 sling bullets
 m - 35 stones (quivered)
Armour
 d - a +0 robe (worn)
Scrolls
 e - a scroll of identify {unknown}
 i - a scroll of remove curse {unknown}
 n - a scroll of blinking {unknown}
Potions
 g - a potion of heal wounds {unknown}
 j - 2 potions of curing {unknown}
 l - a potion of haste {unknown}


   Skills:
 - Level 1.0 Fighting
 - Level 1.2 Dodging
 - Level 2.4 Stealth
 + Level 3.0 Spellcasting
 + Level 1.9 Conjurations
 - Level 2.1 Summonings
 - Level 2.0 Air Magic
 - Level 1.1 Evocations


You had 5 spell levels left.
You knew the following spells:

 Your Spells              Type           Power        Failure   Level
a - Magic Dart            Conj           32%          9%          1
b - Sting                 Tmut/Pois      8%           21%         1

Your spell library contained the following spells:

 Spells                   Type           Power        Failure   Level
 Call Imp                 Summ           8%           12%         2
 Blink                    Tloc           N/A          30%         2
 Slow                     Hex            2%           30%         2
 Mephitic Cloud           Conj/Pois/Air  6%           34%         3
 Conjure Flame            Conj/Fire      5%           38%         3
 Ignite Poison            Fire/Tmut/Pois 2%           52%         3


Dungeon Overview and Level Annotations

Branches:
Dungeon (2/15)

Altars:


Message History

The adder is almost dead.
The adder completely misses you. The adder bites you.
* * * LOW HITPOINT WARNING * * *
You are more poisoned.
The adder poisons you!
Casting: Magic Dart (safe; 9% risk of failure)
Confirm with . or Enter, or press ? or * to list all spells.
You don't have enough magic to cast that spell.
You miss the adder.
The adder is almost dead.
* * * LOW HITPOINT WARNING * * *
You feel sick. The adder barely misses you.
Unknown command.
As you read the scroll labelled GAPHOPH BATO, it crumbles to dust.
The scroll dissolves into smoke.
It was a scroll of fog.
The adder misses you.
As you read the scroll labelled WEDUGOREUZE, it crumbles to dust.
You feel strangely unstable.
It was a scroll of teleportation.
* * * LOW HITPOINT WARNING * * *
You feel sick. The adder closely misses you. The adder bites you.
You die...

#.#############...............#
#.#####...# #.####.########.#
........#.#####.# #.# #.#
#.#####...#...#># #.# #.#
#.######.##.#.#.# #)# #.#
#...............# #.#### #.#
#..##########.### ##.##.## #.#
#....# #####.#####..#.#.## #.###
##.#.# #.....§S@§§...###.# #....
##.#.# #.#########.##.#.####..##
#.#.# #.# #..###........##
#.######.########.#######.......
#.##.................# #.###.##
#..#.#######'#######.# #.# #.##
####.#...rr........#.####.###...
#.#.###########.#.#.........#
#.#.#.........#.#.####.###.##


You could see an adder.

Vanquished Creatures
  A leopard gecko (D:1)
  5 bats (D:1)
  5 goblins
  A hobgoblin (D:1)
  3 jackals (D:1)
  2 frilled lizards (D:1)
  4 kobolds
  3 rats (D:1)
24 creatures vanquished.

Notes
Turn   | Place    | Note
-------+----------+-------------------------------------------
     0 | D:1      | Descartes the Deep Elf Wanderer began the quest for the
                  | Orb.
     0 | D:1      | Descartes set off with the following items: a +0 dagger, a
                  | potion of lignification, a +0 robe; and the following
                  | spells available to memorise: Call Imp, Magic Dart, Sting,
                  | Blink, Slow, Mephitic Cloud, Conjure Flame, Ignite Poison
     0 | D:1      | Reached XP level 1. HP: 12/12 MP: 5/5
     2 | D:1      | Learned a level 1 spell: Magic Dart
     4 | D:1      | Learned a level 1 spell: Sting
   288 | D:1      | Reached skill level 2 in Spellcasting
   292 | D:1      | Reached skill level 1 in Conjurations
   311 | D:1      | Reached XP level 2. HP: 6/16 MP: 1/7
  1721 | D:2      | Reached skill level 3 in Spellcasting
  1732 | D:1      | Slain by an adder

Illustrated notes

Levels and vault maps discovered:
D:1:      matt_arrival_refuge, layout_loops_ring
D:2:      minmay_inner_zag, layout_basic, nicolae_overflow_crystal_walls,
          minmay_goblin_outpost, uniq_natasha

Skill      XL: |  1  2 |
---------------+-------+-----
Spellcasting   | 2 3 |  3.0
Conjurations   | 1 |  1.9
Fighting       | |  1.0
Dodging        | |  1.2
Stealth        | |  2.4
Summonings     | |  2.1
Air Magic      | |  2.0
Evocations     | |  1.1

Action                   || total
-------------------------++-------
Melee: Dagger            ||    53
 Cast: Magic Dart        ||    64
  Use: Potion            ||     1
       Scroll            ||     2
Armor: Skin              ||    41
       Robe              ||     9
Dodge: Dodged            ||    40
